 Dungeon Crawl Stone Soup version 0.19-a0-379-ge33ada3 (webtiles) character file.

65 Mysteryquy the Insei (level 3, -1/29 HPs)
             Began as a Demonspawn Monk on May 30, 2016.
             Slain by a gnoll
             ... wielding a +0 halberd
              (11 damage)
             ... on level 2 of the Dungeon.
             The game lasted 00:02:56 (1749 turns).

Mysteryquy the Insei (Demonspawn Monk)              Turns: 1749, Time: 00:02:57

Health: -1/29      AC:  7    Str: 11    XL:     3   Next: 92%
Magic:  3/3        EV: 12    Int: 11    God:
Gold:   61         SH:  3    Dex: 16    Spells: 0 memorised, 2 levels left

rFire  . . .     SeeInvis .       - Unarmed
rCold  . . .     Gourm    .     a - +0 robe
rNeg   . . .     Faith    .     l - +0 buckler
rPois  .         Spirit   .     (no helmet)
rElec  .         Dismiss  .     g - +0 cloak
rCorr  .         Reflect  .     (no gloves)
SustAt .         Harm     .     (no boots)
MR     .....                    (no amulet)
Stlth  ++........               (no ring)
                                (no ring)

@: drained, not resistant to hostile enchantments, unstealthy
A: iridescent scales 1
a: no special abilities


You were on level 2 of the Dungeon.
You were not hungry.

You visited 1 branch of the dungeon, and saw 3 of its levels.

You collected 61 gold pieces.

Inventory:

Armour
 a - a +0 robe (worn)
 g - a +0 cloak (worn)
 l - a +0 buckler (worn)
Jewellery
 p - a +4 ring of dexterity {unknown}
Scrolls
 c - a scroll of teleportation {unknown}
 e - 7 scrolls of identify {unknown}
 h - a scroll of immolation {unknown}
 k - a scroll of recharging {unknown}
 m - a scroll of enchant armour {unknown}
 n - a scroll of remove curse {unknown}
Potions
 d - 2 potions of lignification {unknown}
 f - 2 potions of heal wounds
 i - a potion of flight {unknown}
 o - a potion of curing {unknown}
 q - a potion of mutation {unknown}
 r - a potion of magic {unknown}
Comestibles
 b - 2 bread rations
 j - a meat ration


   Skills:
 + Level 3.3(2.3) Fighting
 + Level 3.2(2.2) Dodging
 + Level 2.1(1.1) Stealth
 + Level 4.3(3.2) Unarmed Combat


You had 2 spell levels left.
You didn't know any spells.

Dungeon Overview and Level Annotations

Branches:
Dungeon (3/15)

Altars:
Ashenzari
Cheibriados
Yredelemnul


Innate Abilities, Weirdness & Mutations

You are partially covered in iridescent scales. (AC +4)


Message History

You closely miss the gnoll.
The gnoll is lightly wounded.
You hit the gnoll.
The gnoll is lightly wounded.
The gnoll barely misses you.
You hit the gnoll.
The gnoll is heavily wounded.
You block the gnoll's attack.
Your shield prevents you from hitting the gnoll.
The gnoll is heavily wounded.
The gnoll barely misses you.
You hit the gnoll.
The gnoll is almost dead.
You barely miss the gnoll.
The gnoll is almost dead.
You block the gnoll's attack.
You hit the gnoll but do no damage.
The gnoll is almost dead.
The gnoll hits you with a halberd!
You die...

..#...♣≈≈♣≈≈≈≈≈≈≈≈≈≈≈≈≈≈≈≈≈≈≈≈≈≈≈
..####♣≈≈≈P≈P≈≈≈≈≈≈≈≈≈≈≈≈≈≈≈P≈P≈P
.....##♣♣P≈≈≈≈P≈≈≈≈≈≈≈≈≈≈≈≈P≈≈≈≈♣
..##.# #♣≈≈≈P≈≈P≈≈≈≈≈≈≈≈≈≈≈♣P≈≈≈♣
..##.# #.≈♣≈≈≈≈≈≈≈≈≈≈≈≈PP≈♣≈≈P≈♣.
..##.# #...≈≈♣♣♣♣≈≈P♣≈≈P≈P≈≈♣≈≈♣#
..##.# #####≈≈≈♣♣♣≈≈≈≈♣≈≈♣≈♣♣###
####.# ###..≈≈♣♣≈♣≈♣≈..# # #.#
#..@....####### ##
#.#########.#.g...# ^#
#.##......#.####### ##
#.##.####.#.##### .# #.##.#
#.#...(.# ## #...<# #.#####.#
###### #.#####.#### #..........#
######.....#


You could see a gnoll.

Vanquished Creatures
  2 adders
  A worm (D:2)
  A dart slug (D:1)
  5 bats
  2 giant cockroaches (D:1)
  2 goblins (D:1)
  9 hobgoblins
  4 jackals (D:2)
  6 kobolds
  3 giant newts
  4 rats
  A spectral orc (D:2)
40 creatures vanquished.

Notes
Turn   | Place    | Note
--------------------------------------------------------------
     0 | D:1      | Mysteryquy the Demonspawn Monk began the quest for the Orb.
     0 | D:1      | Reached XP level 1. HP: 18/18 MP: 1/1
   124 | D:1      | Gained mutation: You are partially covered in iridescent scales. (AC +4) [demonic ancestry]
   124 | D:1      | Reached XP level 2. HP: 17/24 MP: 2/2
   160 | D:1      | Reached skill level 4 in Unarmed Combat
   736 | D:2      | Found a basalt altar of Yredelemnul.
   881 | D:2      | Reached XP level 3. HP: 29/29 MP: 3/3
   940 | D:2      | Found a snail-covered altar of Cheibriados.
  1532 | D:2      | Found a shattered altar of Ashenzari.
  1749 | D:2      | Slain by a gnoll

Vault maps used:
D:1:      dpeg_arrival_prison
D:2:      nicolae_overflow_crystal_walls, yredelemnul_forgotten_temple_becter,
          serial_bayou, serial_bayou_ford_a, serial_bayou_shore_a,
          serial_bayou_lagoon_a, serial_bayou_lake_a, serial_bayou_shore_b,
          lemuel_tele_altar
D:3:      lemuel_doored_altar

Skill      XL: |  1  2  3 |
---------------+----------+-----
Unarmed Combat | 4 |  4.3
Dodging        | 3 |  3.2
Stealth        | 2 |  2.1
Fighting       | |  3.3

Action                   || total
-------------------------++-------
Melee: Unarmed           ||   177
       Punch             ||     1
  Use: Potion            ||     1
 Stab: Sleeping          ||     2
  Eat: Chunk             ||     3
Armor: Robe              ||    42
Dodge: Dodged            ||   105
Block: Buckler           ||    12
